Map: Ascension to Aiur LE

Players

JagrsMullets - Winner!

  • Race: Protoss Protoss
  • Spawn Location: 5:00

A.I. 1 (Hard)

  • Race: Zerg Zerg
  • Spawn Location: 11:00

VOD

Have the link to the VOD?

Description

Time

  • Played on: Dec. 18, 2017, 2:52 a.m.
  • Length: 2:21
Show
View Real Time Build Order
Export as new Build Order

JagrsMullets Protoss - Winner!

Build Orders: Cannon Rush 

Get SALT Encoding   

  12  0:06  Probe (Chrono Boost)  
  13  0:17  Probe (Chrono Boost)  
  14  0:21  Pylon  
  14  0:24  Probe  
  15  0:39  Probe  
  16  0:45  Forge  
  16  0:51  Probe  
  17  1:00  Pylon  
  17  1:03  Probe  
  18  1:05  Pylon  
  18  1:15  Probe (Chrono Boost)  
  20  1:26  Photon Cannon, Probe (Chrono Boost)  
  20  1:30  Probe  
  21  1:35  Photon Cannon  
  21  1:44  Photon Cannon  
  21  2:01  Photon Cannon  
  21  2:10  Pylon  
Show
View Real Time Build Order
Export as new Build Order

A.I. 1 (Hard) Zerg 

Build Orders: Hatch First 

Get SALT Encoding   

  12  0:01  Drone  
  13  0:12  Overlord  
  13  0:17  Drone  
  14  0:30  Drone  
  14  0:32  Drone  
  14  0:34  Drone  
  17  0:53  Hatchery  
  17  0:56  Drone  
  17  1:12  Spawning Pool  
  17  1:14  Drone  
  17  1:17  Drone  
  18  1:20  Extractor  
  18  1:22  Drone  
  18  1:30  Overlord  
  18  1:38  Drone  
  19  1:59  Zergling x2  
  19  2:00  Zergling x2  
  21  2:03  Roach Warren  
  21  2:05  Drone  
  21  2:07  Extractor  
Tags
 
Add a new tag
Caveats
  • Supply blocks, unpowered buildings, or Contaminate may cause inaccurate times.
  • Supply counts are checked every 10 seconds.